 Seeded DCSS version 0.28.0-45-g0d030f2227 (webtiles) character file.

Game seed: 12438630275245706108 (custom seed)

3252 zeratav the Destroyer (level 9, -11/51 HPs)
             Began as an Octopode Conjurer on Apr 19, 2022.
             Was an Initiate of Gozag.
             Mangled by a killer bee (15 damage)
             ... on level 9 of the Dungeon.
             The game lasted 00:21:24 (11049 turns).

zeratav the Destroyer (Octopode Conjurer)          Turns: 11049, Time: 00:21:25

Health: -11/51     AC:  1    Str:  6    XL:     9   Next: 99%
Magic:  21/25      EV: 13    Int: 25    God:    Gozag
Gold:   588        SH:  0    Dex: 10    Spells: 11/18 levels left

rFire   + . .      SeeInvis .   i - +2 hand axe (vorpal) {axe}
rCold   x . .      Faith    .   (no shield)
rNeg    + . .      Spirit   .   (helmet restricted)
rPois   .          Reflect  .   G - amulet of regeneration {@e2}
rElec   .          Harm     .   a - ring of magical power
rCorr   .          Rampage  .   h - +4 ring of slaying
Will    .....                   c - ring of fire
Stlth   +++.......              C - ring of positive energy
HPRegen 0.97/turn               (no ring)
MPRegen 0.19/turn               (no ring)
                                (no ring)
                                (no ring)

@: lethally poisoned (-11 -> -14), gold aura
A: almost no armour, amphibious, 8 rings, camouflage 1, gelatinous body 1,
(nimble swimmer 1), tentacles
a: Renounce Religion, Potion Petition, Call Merchant, Bribe Branch


You were on level 9 of the Dungeon.
You worshipped Gozag.
Gozag was pleased with you.
You visited 2 branches of the dungeon, and saw 10 of its levels.

You collected 712 gold pieces.
You paid 124 gold pieces to Gozag.


Innate Abilities, Weirdness & Mutations

You cannot wear most types of armour.
You are amphibious.
You can wear up to eight rings at the same time.
Your skin changes colour to match your surroundings (Stealth+).
Your rubbery body absorbs attacks. (AC +1, EV +1)
((You are camouflaged when in or above water. (Stealth+)))
You have tentacles for arms and can constrict up to eight enemies at once.


   Skills:
 - Level 2.0 Dodging
 - Level 2.6 Stealth
 - Level 5.0 Spellcasting
 * Level 12.6 Conjurations
 - Level 4.0 Translocations


You had 11 spell levels left.
You knew the following spells:

 Your Spells              Type           Power      Damage    Failure   Level
a - Magic Dart            Conj           100%       1d8       1%          1
b - Searing Ray           Conj           100%       2d8       1%          2
c - Iskenderun's Mystic   Conj/Tloc      47%        2d10      2%          4

Your spell library contained the following spells:

 Spells                   Type           Power      Damage    Failure   Level
 Foxfire                  Conj/Fire      100%       2x1d9     1%          1
 Conjure Flame            Conj/Fire      54%        6-21      1%          3
 Dazzling Flash           Conj/Hex       74%        N/A       1%          3
 Gell's Gravitas          Tloc           26%        N/A       4%          3
 Lesser Beckoning         Tloc           26%        N/A       4%          3
 Mephitic Cloud           Conj/Pois/Air  27%        N/A       4%          3
 Teleport Other           Tloc           26%        N/A       4%          3
 Flame Wave               Conj/Fire      54%        2d11      6%          4
 Fulminant Prism          Conj/Hex       18%        3d11      6%          4
 Hailstorm                Conj/Ice       37%        3d9       6%          4
 Summon Small Mammal      Summ           24%        N/A       9%          1
 Call Imp                 Summ           6%         N/A       12%         2
 Call Canine Familiar     Summ           6%         N/A       24%         3
 Inner Flame              Hex/Fire       9%         N/A       24%         3
 Summon Guardian Golem    Hex/Summ       6%         N/A       24%         3
 Ice Form                 Ice/Tmut       6%         N/A       63%         4
 Dispersal                Tloc           13%        N/A       94%         6
 Simulacrum               Ice/Necr       3%         N/A       100%        6
 Borgnjor's Revivificati  Necr           3%         N/A       100%        8
 Necromutation            Tmut/Necr      3%         N/A       100%        8
 Death's Door             Necr           3%         N/A       100%        9

Inventory:

Hand Weapons
 i - a +2 vorpal hand axe (weapon) {axe}
   (You took it off Terence on level 2 of the Dungeon)
Jewellery
 a - a ring of magical power (left tentacle)
   (You found it on level 1 of the Dungeon)
 c - a ring of fire (on tentacle)
   (You found it on level 3 of the Dungeon)
 h - a +4 ring of slaying (right tentacle)
   (You found it on level 2 of the Dungeon)
 w - an amulet of the acrobat
   (You found it on level 6 of the Dungeon)
 C - a ring of positive energy (on tentacle)
   (You found it on level 8 of the Dungeon)
 G - an amulet of regeneration (around mantle) {@e2}
   (You found it on level 8 of the Dungeon)
 H - an amulet of reflection
   (You found it on level 8 of the Dungeon)
Wands
 y - a wand of mindburst (16)
   (You found it on level 5 of the Dungeon)
 B - a wand of digging (10)
   (You found it on level 8 of the Dungeon)
 D - a wand of polymorph (17)
   (You found it on level 8 of the Dungeon)
Scrolls
 b - 9 scrolls of identify {unknown}
 d - a scroll of vulnerability {unknown}
 e - 2 scrolls of blinking {unknown}
 f - a scroll of enchant armour {unknown}
 g - a scroll of fog {unknown}
 j - a scroll of immolation {unknown}
 n - a scroll of enchant weapon {unknown}
 o - 3 scrolls of amnesia {unknown}
 r - 2 scrolls of torment {unknown}
 s - a scroll of brand weapon {unknown}
 x - a scroll of fear {unknown}
 z - a scroll of magic mapping {unknown}
 I - a scroll of noise {unknown}
Potions
 k - 3 potions of berserk rage {unknown}
 l - 2 potions of curing {unknown}
 m - a potion of invisibility {unknown}
 p - 5 potions of haste {unknown}
 q - a potion of ambrosia
 t - a potion of cancellation {unknown}
 u - a potion of brilliance {unknown}
 v - a potion of lignification {unknown}
 A - a potion of resistance {unknown}
 E - a potion of heal wounds {unknown}
 F - a potion of magic {unknown}

Dungeon Overview and Level Annotations

Branches:
Dungeon (9/15)             Temple (1/1) D:7
   Lair: D:8-11         Orc: D:9-12

Altars:
Ashenzari
Cheibriados
Dithmenos
Elyvilon
Fedhas
Gozag
Hepliaklqana
Kikubaaqudgha
Nemelex Xobeh
Okawaru
Qazlal
Ru
Sif Muna
Trog
Uskayaw
Vehumet
Wu Jian
Xom
Yredelemnul
Zin
The Shining One

Shops:
D:1 =   D:2 :   D:6 (   D:8 ?!:(

Annotations:
D:4 2 transporters, reversiblehash's ghost, amateur GnFi
D:6 1 runed translucent door, Crazy Yiuf

#.# #.###.### # $
........## #. #
..##.....# #.###
#.##..[..####....
#.##...........##
###.##.....#.......
#.@.##.....#.#####.
#y#.......##.##....
#y####.#####.##.##.
yy #.# #.##.##.


yyy #.### #....... #.yy #...# ##.....# #††. #####.# #.....# ######.....# #.....#
#.###..# #...... You could see a queen bee and 8 killer bees.


Message History

There is a stone staircase leading up here.
I - a scroll labelled NURCHI RAITOC
Found an ancient bone altar of Kikubaaqudgha.
There is an ancient bone altar of Kikubaaqudgha here.
A howler monkey zombie comes into view.
Found a stone staircase leading down.
The magic dart hits the howler monkey zombie.
MP[-1]
You lost 1 mp, and now have 24/25 mp.
The magic dart hits the howler monkey zombie.
MP[-1]
You lost 1 mp, and now have 23/25 mp.
The magic dart hits the howler monkey zombie.
The howler monkey zombie hits you.
HP[-3] MP[-1]
You take 3 damage, and now have 48/51 hp.
You lost 1 mp, and now have 22/25 mp.
The magic dart hits the howler monkey zombie.
The howler monkey zombie barely misses you.
HP[+1] MP[-1]
You lost 1 mp, and now have 21/25 mp.
The magic dart hits the howler monkey zombie!
The howler monkey zombie closely misses you.
HP[+1]
The magic dart hits the howler monkey zombie!
You destroy the howler monkey zombie!
HP[+1] MP[-1]
Your hp is fully restored (51).
You lost 1 mp, and now have 20/25 mp.
You can't see any susceptible monsters within range! (Use Z to cast anyway.)
You now have 588 gold pieces (gained 6).
There is a stone staircase leading down here.
A queen bee and 10 killer bees come into view.
The killer bee buzzes angrily. x4; The queen bee buzzes angrily.
You hear an angry buzzing noise. x3; The killer bee buzzes angrily. x2
The queen bee calls on the killer bee to defend it!
The killer bee goes berserk!
The killer bee buzzes angrily.
MP[+5]
Your mp is fully restored (25).
Casting: Magic Dart (safe; 1% risk of failure)
Confirm with . or Enter, or press ? or * to list all spells.
Aiming: Searing Ray (safe; 1% risk of failure)
Press: ? - help, Shift-Dir - straight line, f - killer bee
Aim: a killer bee (65% to hit)
The searing ray hits the killer bee!
The killer bee buzzes angrily.
The searing ray misses the killer bee. x2; The searing ray hits the killer bee! (Press . to maintain the ray.)
You hear an angry buzzing noise.
The killer bee barely misses you.
You hear an angry buzzing noise.
MP[-2]
You lost 2 mp, and now have 23/25 mp.
Aiming: Magic Dart (safe; 1% risk of failure)
Press: ? - help, Q - select action, (/) - cycle Shift-Dir - straight line, f/p - killer bee
Aim: a killer bee (severely wounded, 100% to hit)
Okay, then.
Unknown command.
The searing ray hits the killer bee!
You kill the killer bee!
The searing ray hits the killer bee.
The searing ray hits the killer bee! x2
You kill the killer bee!
You hear an angry buzzing noise.
The killer bee stings you!
You are poisoned.
The killer bee poisons you!
A killer bee comes into view.
HP[-8] MP[-1]
You take 8 damage, and now have 43/51 hp.
You lost 1 mp, and now have 22/25 mp.
The searing ray hits the killer bee!
The searing ray misses the killer bee. x2
The searing ray hits the killer bee!
You feel sick. The killer bee stings you. The killer bee stings you!
The killer bee stings you.
* * * LOW HITPOINT WARNING * * *
You are more poisoned.
The killer bee poisons you!
A killer bee comes into view.
The queen bee calls on the killer bee to defend it!
The killer bee goes berserk!
The queen bee calls on the killer bee to defend it!
The killer bee goes berserk!
The queen bee calls on the killer bee to defend it!
The killer bee goes berserk!
HP[-23] MP[-1]
You take 23 damage, and now have 20/51 hp.
MASSIVE DAMAGE!! (PAUSE)
You lost 1 mp, and now have 21/25 mp.
Aiming: Mindburst
Press: ? - help, Q - select action, (/) - cycle Shift-Dir - straight line, f - killer bee
Aim: a killer bee (heavily wounded, berserk, chance to affect: 72%)
The killer bee's mind is blasted!
You feel very sick.
You hear an angry buzzing noise. x2
The killer bee stings you!
* * * LOW HITPOINT WARNING * * *
The killer bee barely misses you.
The killer bee is distracted by your dazzling golden aura.
The killer bee stings you!
You die...
Your body crumbles into a pile of gold.

Skill      XL: |  1  2  3  4  5  6  7  8  9 |
---------------+----------------------------+-----
Translocations | 1 2 3 4 |  4.0
Conjurations   | 5 6 7 9 12 | 12.6
Spellcasting   | 3 4 5 |  5.0
Dodging        | |  2.0
Stealth        | |  2.6

Action                   |  1- 3 |  4- 6 |  7- 9 || total
-------------------------+-------+-------+-------++-------
Melee: Hand axe          |       |     2 |       ||     2
       Tentacles         |       |     1 |       ||     1
 Cast: Magic Dart        |    62 |    67 |   114 ||   243
       Searing Ray       |     2 |    17 |    70 ||    89
       Iskenderun's Myst |       |     2 |    15 ||    17
Evoke: Wand              |       |       |     1 ||     1
Armor: Skin              |       |       |     5 ||     5
Dodge: Dodged            |    10 |    26 |    92 ||   128

Levels and vault maps discovered:
D:1:      minmay_arrival_split_and_join, layout_basic,
          hellmonk_ecumenical_altar_arch_garden, nicolae_shop_unique_rings
D:2:      layout_basic, serial_glass, glass_columns_b, glass_columns_c,
          serial_shops, nicolae_diamond_shop, patterned_corridor, uniq_terence,
          uniq_natasha
D:3:      layout_loops_cross, minmay_pentangle
D:4:      layout_cave_pools, lemuel_mausoleum_altar_yredelemnul,
          gammafunk_ghost_stat_death
D:5:      layout_loops_ring, minmay_splitting_lines, serial_bayou_pond_e,
          grunt_ministairs_6
D:6:      layout_loops_ring, minmay_overflow_temple_star_quad, serial_shops,
          shop, uniq_crazy_yiuf_cottage
D:7:      layout_basic, temple_statues
D:8:      layout_rooms, kennysheep_little_box, serial_shops,
          nicolae_square_shop, shop, nicolae_shop_window_shopping,
          nicolae_shop_window_shopping, shop
D:9:      layout_loops_cross, kennysheep_mini,
          nicolae_kikubaaqudgha_miasma_corner, special_room [special_room_bee],
          minmay_protected_statue
Temple:   nicolae_temple_no_exploring_needed

Notes
Turn   | Place    | Note
-------+----------+-------------------------------------------
     0 | D:1      | zeratav the Octopode Conjurer began the quest for the Orb.
     0 | D:1      | Reached XP level 1. HP: 11/11 MP: 3/3
     0 | D:1      | magus.rc [v1.9.6]
   493 | D:1      | Reached XP level 2. HP: 17/17 MP: 5/5
   553 | D:1      | Found Fetet's One-of-a-Kind Rings.
   915 | D:1      | Found a faded altar of an unknown god.
  1058 | D:2      | Reached skill level 1 in Translocations
  1058 | D:2      | Reached XP level 3. HP: 21/21 MP: 6/6
  1061 | D:2      | Learned a level 2 spell: Searing Ray
  1346 | D:2      | You pick up a book of the Tundra and begin reading...
  1346 | D:2      | You add the spells Hailstorm, Ice Form and Simulacrum to
                  | your library.
  1368 | D:2      | Noticed Terence
  1450 | D:2      | Found Mofoxyne's Book Boutique.
  1450 | D:2      | Noticed Natasha
  1462 | D:2      | Killed Natasha
  1463 | D:2      | Reached XP level 4. HP: 11/27 MP: 3/8
  1671 | D:2      | Reached skill level 5 in Conjurations
  1870 | D:2      | Killed Terence
  1980 | D:2      | Noticed Natasha
  1985 | D:2      | Killed Natasha
  1986 | D:2      | Reached skill level 2 in Translocations
  1986 | D:2      | Reached XP level 5. HP: 22/31 MP: 9/9
  2309 | D:3      | Learned a level 4 spell: Iskenderun's Mystic Blast
  2322 | D:3      | Reached skill level 3 in Spellcasting
  2572 | D:3      | You pick up a book of Flames and begin reading...
  2572 | D:3      | You add the spells Foxfire, Conjure Flame, Inner Flame and
                  | Flame Wave to your library.
  2981 | D:3      | You add the spells Gell's Gravitas, Teleport Other and
                  | Dispersal to your library.
  3102 | D:3      | Reached XP level 6. HP: 36/36 MP: 10/10
  3272 | D:4      | Found a transporter.
  3360 | D:4      | magus.rc [v1.9.6]
  3368 | D:4      | Reached skill level 6 in Conjurations
  3564 | D:4      | Reached skill level 3 in Translocations
  3678 | D:4      | magus.rc [v1.9.6]
  3687 | D:4      | Reached XP level 7. HP: 26/41 MP: 12/12
  4433 | D:4      | Reached skill level 4 in Spellcasting
  4433 | D:4      | Reached skill level 7 in Conjurations
  4482 | D:4      | Found a basalt altar of Yredelemnul.
  4708 | D:4      | Reached skill level 4 in Translocations
  4739 | D:4      | Reached XP level 8. HP: 42/46 MP: 14/14
  4978 | D:4      | Noticed reversiblehash's ghost (amateur GnFi)
  5000 | D:4      | Reached skill level 8 in Conjurations
  5061 | D:4      | Found a transporter.
  5252 | D:5      | Entered Level 5 of the Dungeon
  5402 | D:6      | HP: 5/46 [ice beast (13)]
  5702 | D:6      | Reached skill level 5 in Spellcasting
  5891 | D:7      | HP: 9/46 [steam dragon (3)]
  5894 | D:7      | Reached skill level 9 in Conjurations
  6694 | D:7      | Reached XP level 9. HP: 35/51 MP: 16/16
  6821 | D:7      | Reached skill level 10 in Conjurations
  7448 | D:7      | Found a staircase to the Ecumenical Temple.
  7454 | Temple   | Entered the Ecumenical Temple
  7461 | Temple   | Became a worshipper of Gozag Ym Sagoz the Greedy
  8182 | D:6      | Found a snail-covered altar of Cheibriados.
  8190 | D:6      | Found a shimmering altar of Xom.
  8193 | D:6      | Found a shadowy altar of Dithmenos.
  8245 | D:6      | Found a runed translucent door.
  8246 | D:6      | Noticed Crazy Yiuf
  8386 | D:6      | Found Keroesui's Antique Weapon Shoppe.
  8602 | D:5      | Reached skill level 11 in Conjurations
  8925 | D:5      | You pick up a book of Callings and begin reading...
  8925 | D:5      | You add the spells Summon Small Mammal, Call Canine
                  | Familiar and Summon Guardian Golem to your library.
  9953 | D:8      | You pick up a book of Minor Magic and begin reading...
  9953 | D:8      | You add the spells Call Imp and Mephitic Cloud to your
                  | library.
  9963 | D:8      | You pick up a book of Displacement and begin reading...
 10037 | D:8      | Found Urhuobb's Antique Weapon Shop.
 10041 | D:8      | Found Xutteof's Book Shop.
 10111 | D:8      | You add the spells Borgnjor's Revivification, Necromutation
                  | and Death's Door to your library.
 10365 | D:8      | Found Eloriota's Magic Scroll Shop.
 10376 | D:8      | Reached skill level 12 in Conjurations
 10610 | D:8      | Found a bloodstained altar of Trog.
 10802 | D:8      | Found Wizoeff's Distillery.
 10860 | D:8      | Noticed a five-headed hydra
 10930 | D:9      | Found an ancient bone altar of Kikubaaqudgha.
 11045 | D:9      | Noticed a queen bee
 11049 | D:9      | HP: 4/51 [killer bee (14)]
 11049 | D:9      | Mangled by a killer bee

Vanquished Creatures
  4 steam dragons
  3 ice beasts
  4 necrophages (D:4)
  A sky beast (D:7)
  A centaur (D:8)
  A phantom (D:5)
  A kobold brigand (D:7)
  A gnoll sergeant (D:6)
  2 bullfrogs (D:8)
  A scorpion (D:4)
  A water moccasin zombie (D:5)
  A wyvern skeleton (D:6)
  A water moccasin skeleton (D:4)
  2 killer bees (D:9)
  6 wights
  3 centaur zombies
  A human zombie (D:4)
  A jelly (D:4)
  2 hounds (D:5)
  2 orc priests
  2 bullfrog skeletons (D:6)
  A gnoll shaman (D:7)
  Natasha (twice) (D:2)
  A centaur skeleton (D:6)
  Terence (D:2)
  5 iguanas
  5 orc wizards
  A hound skeleton (D:5)
  A howler monkey zombie (D:9)
  A mummy (D:4)
  7 gnolls
  A howler monkey skeleton (D:7)
  11 adders
  A shadow imp (D:5)
  An ufetubus (D:6)
  3 adder zombies (D:4)
  2 dart slugs
  16 orcs
  8 bats
  8 endoplasms
  2 giant cockroaches
  6 goblins
  2 hobgoblins
  3 jackals (D:5)
  5 quokkas
  8 ball pythons
  2 frilled lizards (D:2)
  6 kobolds
  A quokka skeleton (D:4)
  6 rats
158 creatures vanquished.

Table legend:
 A = Non-vault XP
 B = Vault XP
 C = Vault XP percentage of total XP
 D = Non-vault monster count
 E = Vault monster count
 F = Vault count percentage of total count
                 A         B        C        D         E       F
            +---------+---------+-------+---------+---------+-------
      Total |    3630 |    1017 |  21.9 |     129 |      29 |  18.4
            +---------+---------+-------+---------+---------+-------
        D:1 |      27 |       0 |   0.0 |      16 |       0 |   0.0
        D:2 |     116 |      73 |  38.6 |      21 |       2 |   8.7
        D:3 |      69 |      40 |  36.7 |      14 |       9 |  39.1
        D:4 |     428 |     732 |  63.1 |      21 |      12 |  36.4
        D:5 |     575 |      48 |   7.7 |      15 |       4 |  21.1
        D:6 |     481 |       0 |   0.0 |      11 |       0 |   0.0
        D:7 |    1069 |       0 |   0.0 |      17 |       0 |   0.0
        D:8 |     847 |       0 |   0.0 |      13 |       0 |   0.0
        D:9 |      18 |     124 |  87.3 |       1 |       2 |  66.7
            +---------+---------+-------+---------+---------+-------

Illustrated notes

Table legend:
 A = Kills in this place as a percentage of kills in entire the game.
 B = Kills by you in this place as a percentage of kills by you in the entire game.
 C = Kills by friends in this place as a percentage of kills by friends in the entire game.
 D = Other kills in this place as a percentage of other kills in the entire game.
 E = Experience gained in this place as a percentage of experience gained in the entire game.
 F = Experience gained in this place divided by the number of levels of this place that you have seen.
                   A       B       C       D       E      F
               +-------+-------+-------+-------+-------+----------------------
         Total | 100.0 | 100.0 |   N/A |   N/A | 100.0 | 464.7
       Dungeon | 100.0 | 100.0 |   N/A |   N/A | 100.0 | 516.3
               +-------+-------+-------+-------+-------+----------------------

Table legend: (Time is in decaauts)
 A = Elapsed time spent in this place.
 B = Non-inter-level travel time spent in this place.
 C = Inter-level travel time spent in this place.
 D = Time resting spent in this place.
 E = Time spent auto-exploring this place.
 F = Levels seen in this place.
 G = Mean time per level.
                   A        B        C        D        E       F      G
               +--------+--------+--------+--------+--------+-----+--------+
         Total |  11050 |  10550 |    500 |   3344 |   5833 |  10 | 1105.0 |
       Dungeon |  11036 |  10549 |    487 |   3344 |   5833 |   9 | 1226.2 |
        Temple |     14 |      1 |     13 |      0 |      0 |   1 |   14.0 |
               +--------+--------+--------+--------+--------+-----+--------+

Top non-repeatable levels by time:
     D:4: 2017 daAuts
     D:6: 1748 daAuts
     D:7: 1609 daAuts
     D:5: 1287 daAuts
     D:2: 1196 daAuts
     D:1: 1049 daAuts
     D:3: 1010 daAuts
     D:8: 982 daAuts
     D:9: 134 daAuts
  Temple: 14 daAuts
